 Dungeon Crawl Stone Soup version 0.22-a0-181-gb22368a (webtiles) character file.

3466 Amnesiac the Thaumaturge (level 9, -2/57 HPs)
             Began as a Mummy Earth Elementalist on Feb 14, 2018.
             Slain by a centaur (5 damage)
             ... on level 7 of the Dungeon.
             The game lasted 00:16:31 (9368 turns).

Amnesiac the Thaumaturge (Mummy Earth Elementalist) Turns: 9368, Time: 00:16:32

Health: -2/57      AC:  3    Str: 11    XL:     9   Next: 78%
Magic:  2/21       EV: 12    Int: 18    God:
Gold:   264        SH:  0    Dex: 12    Spells: 9/24 levels left

rFire    x . .     SeeInvis .   a - -1 dagger (curse)
rCold    + . .     Gourm    .   (no shield)
rNeg     + + +     Faith    .   c - +0 robe
rPois    ∞         Spirit   .   (no helmet)
rElec    .         Reflect  .   b - +0 cloak (curse)
rCorr    .         Harm     .   (no gloves)
MR       +....                  (no boots)
Stlth    ++........             (no amulet)
HPRegen  0.19/turn              (no ring)
MPRegen  0.17/turn              (no ring)

@: about to teleport
A: no food or potions, fire vulnerability, cold resistance 1, negative energy
resistance 3, torment resistance, unbreathing
a: no special abilities


You were on level 7 of the Dungeon.
You were not hungry.

You visited 1 branch of the dungeon, and saw 7 of its levels.
You also visited: Sewer and Ossuary.

You collected 264 gold pieces.

Inventory:

Hand Weapons
 a - a cursed -1 dagger (weapon)
 n - a +0 blowgun
 o - a +1 short sword of venom
 w - a +2 dagger of speed
Missiles
 m - 38 poisoned needles
Armour
 b - a cursed +0 cloak (worn)
 c - a +0 robe (worn)
Jewellery
 e - an uncursed ring of ice {unknown}
 r - an uncursed amulet of faith {unknown}
 v - an uncursed amulet of regeneration {unknown}
Wands
 h - a wand of flame (16)
 q - a wand of polymorph (13)
 s - a wand of enslavement (11)
Scrolls
 f - 2 scrolls of amnesia {!r, unknown}
 g - 2 scrolls of magic mapping {!r, unknown}
 i - 7 scrolls of identify {!r}
 j - 2 scrolls of immolation {!r, unknown}
 k - 6 scrolls of teleportation {!r}
 l - 2 scrolls of fear {!r, unknown}
 p - 6 scrolls of remove curse {!r, unknown}
 t - a scroll of acquirement {!r, unknown}
 u - 2 scrolls of enchant armour {!r, unknown}
Books
 d - a book of Geomancy

   Spells                             Type                      Level
   a - Sandblast                      Earth                        1
   b - Passwall                       Transmutation/Earth          2
   c - Stone Arrow                    Conjuration/Earth            3
   d - Petrify                        Transmutation/Earth          4
   e - Lee's Rapid Deconstruction     Earth                        5


   Skills:
 + Level 5.4 Short Blades
 - Level 1.5 Dodging
 - Level 4.0 Stealth
 - Level 8.0 Spellcasting
 - Level 3.0 Transmutations
 - Level 8.0 Earth Magic


You had 9 spell levels left.
You knew the following spells:

 Your Spells              Type           Power        Failure   Level  Hunger
a - Stone Arrow           Conj/Erth      ###...       5%          3    N/A
b - Passwall              Tmut/Erth      ####......   1%          2    N/A
c - Sandblast             Erth           #####.       1%          1    N/A
d - Lee's Rapid Deconstr  Erth           #####.....   10%         5    N/A
e - Petrify               Tmut/Erth      ####....     10%         4    N/A

Dungeon Overview and Level Annotations

Branches:
Dungeon (7/15)
 Temple: D:4-7

Altars:
Elyvilon
Fedhas
Gozag
Hepliaklqana
Ru
Sif Muna
Trog
Uskayaw
Vehumet


Innate Abilities, Weirdness & Mutations

You do not eat or drink.
Your flesh is vulnerable to fire.
You are immune to poison.
Your flesh is cold resistant. (rC+)
You are immune to negative energy. (rN+++)
You are immune to unholy pain and torment.
You can survive without breathing.


Message History

Press: ? - help, Shift-Dir - straight line, f/p - hound
Aim: a hound (chance to defeat MR: 65%)
The hound is moving more slowly.
The hound bites you. The hound closely misses you.
Unknown command.
You hit the hound but do no damage. The hound misses you.
You catch the helpless hound completely off-guard!
You puncture the hound!
The hound is heavily wounded.
The hound barely misses you.
You hit the hound.
The hound is heavily wounded.
The hound closely misses you.
You hit the hound.
The hound is heavily wounded.
The hound bites you.
You hit the hound.
The hound is severely wounded.
The hound closely misses you.
You hit the hound.
The hound is severely wounded.
The hound stops moving altogether!
The helpless hound fails to defend itself.
You impale the hound!!
You kill the hound!
The centaur shoots an arrow.
The arrow hits you!
* * * LOW HITPOINT WARNING * * *
Casting: Petrify (safe; 10% risk of failure)
Confirm with . or Enter, or press ? or * to list all spells.
Aiming: Petrify (safe; 10% risk of failure)
Press: ? - help, Shift-Dir - straight line, f - centaur
Aim: a centaur, wielding a shortbow (chance to defeat MR: 56%)
The centaur resists with significant effort.
The centaur unwields an uncursed shortbow.
The centaur hits you.
* * * LOW HITPOINT WARNING * * *
Unknown command.
Adjust (i)tems, (s)pells, or (a)bilities?
Adjust which spell?
Okay, then.
You can't drink.
Really read
k - 7 scrolls labeled FORERO QIUSK {!r}?
Okay, then.
Unknown command.
Really read
i - 8 scrolls labeled LERCHU JOTINI {!r}?
As you read the scroll labeled LERCHU JOTINI {!r}, it crumbles to dust.
It is a scroll of identify.
k - 7 scrolls of teleportation {!r} The quokka twitches its whiskers.
The centaur hits you.
* * * LOW HITPOINT WARNING * * *
Really read
k - 7 scrolls of teleportation {!r}?
As you read the scroll of teleportation {!r}, it crumbles to dust.
You feel strangely unstable. The centaur hits you.
* * * LOW HITPOINT WARNING * * *
You hit the centaur.
The centaur is lightly wounded.
The centaur hits you!
* * * LOW HITPOINT WARNING * * *
Okay, then.
You hit the centaur but do no damage.
The centaur is lightly wounded.
The centaur hits you.
You die...

... ### ... ##$# ... .$.
. ...# ..# .. .# #..#
#####.##.#.####..#
............##..#
####.....####.##..#
#$.##...##..#.....#
#...##@##...#.##.##
#...#c#...##.....# .
#r)#r#()##...†..####
....###(..###...<........
........8..........######
...c###...###......# ..
+#.#+ ##....## #.# ##...#
#.# #...#


You could see a centaur and a quokka.

Vanquished Creatures
  Grinder (D:3)
  Sigmund (D:2)
  Eustachio (D:4)
  The ghost of Borgoz the Skirmisher, an amateur DsAK of Lugonu (D:3)
  Menkaure (D:5)
  An orc warrior (D:6)
  A sky beast (D:6)
  A black bear (D:6)
  4 phantoms
  5 ogres (D:5)
  2 centaurs
  2 big kobolds (Sewer)
  2 elf zombies (Ossuary)
  A scorpion (D:4)
  A wight (D:7)
  2 crimson imps
  A bullfrog zombie (D:5)
  3 centaur zombies (Ossuary)
  2 hounds
  2 human zombies (Ossuary)
  2 centaur skeletons
  2 iguanas
  6 orc wizards
  4 worker ants
  A statue (D:6)
  A big kobold zombie (Ossuary)
  A hound zombie (D:6)
  4 mummies
  4 gnolls
  6 adders
  8 river rats (Sewer)
  2 shadow imps (D:6)
  An ooze (Sewer)
  4 adder zombies (Ossuary)
  5 worms
  2 leopard geckos
  17 orcs
  5 bats
  A giant cockroach (D:3)
  3 gnoll zombies (Ossuary)
  3 goblins
  7 hobgoblins
  14 jackals
  2 quokkas
  6 ball pythons
  5 frilled lizards
  6 goblin zombies
  2 hobgoblin zombies
  A jackal skeleton (D:4)
  2 jackal zombies (Ossuary)
  20 kobolds
  3 kobold zombies (Ossuary)
  A leopard gecko zombie (D:5)
  An orc zombie (Ossuary)
  7 quokka zombies
  26 rats
  4 rat zombies (Ossuary)
224 creatures vanquished.

Notes
Turn   | Place    | Note
-------+----------+-------------------------------------------
     0 | D:1      | Amnesiac the Mummy Earth Elementalist began the quest for the Orb.
     0 | D:1      | Reached XP level 1. HP: 13/13 MP: 4/4
   282 | D:2      | Noticed a crimson imp
   290 | D:2      | Reached XP level 2. HP: 12/19 MP: 0/5
   394 | D:2      | Killed a crimson imp
   394 | D:2      | Reached XP level 3. HP: 24/24 MP: 0/7
   550 | D:2      | Noticed Sigmund
   561 | D:2      | Killed Sigmund
   561 | D:2      | Reached XP level 4. HP: 22/30 MP: 2/10
   561 | D:2      | Reached XP level 5. HP: 25/35 MP: 2/11
   963 | D:4      | Reached XP level 6. HP: 37/41 MP: 5/13
   967 | D:4      | Learned a level 2 spell: Passwall
   972 | D:4      | Learned a level 4 spell: Petrify
   978 | D:4      | Learned a level 5 spell: Lee's Rapid Deconstruction
  1040 | D:5      | Entered Level 5 of the Dungeon
  1063 | D:3      | Found an opulent altar of Gozag.
  1191 | D:3      | Found a glowing drain.
  1195 | D:3      | Noticed Grinder
  1195 | D:3      | Noticed Borgoz's ghost (amateur DsAK)
  1204 | Sewer    | Entered a sewer
  1427 | Sewer    | Reached skill level 5 in Spellcasting
  1439 | Sewer    | Reached skill level 5 in Earth Magic
  1892 | Sewer    | HP: 1/41 [river rat (6)]
  2630 | Sewer    | Reached XP level 7. HP: 32/46 MP: 8/15
  2910 | D:4      | Learned a level 3 spell: Stone Arrow
  3286 | D:4      | Found a bloodstained altar of Trog.
  3430 | D:4      | Noticed Eustachio
  3440 | D:4      | Killed Eustachio
  3719 | D:3      | Killed Borgoz's ghost
  3719 | D:3      | Reached XP level 8. HP: 16/52 MP: 0/18
  3940 | D:3      | Killed Grinder
  5100 | D:2      | Found a sacrificial altar of Ru.
  5356 | D:5      | Found a blossoming altar of Fedhas.
  5612 | D:5      | Reached skill level 1 in Short Blades
  6108 | D:5      | Reached skill level 1 in Transmutations
  6145 | D:5      | Noticed Menkaure
  6158 | D:5      | Killed Menkaure
  6158 | D:5      | Reached XP level 9. HP: 57/57 MP: 9/21
  6202 | D:5      | Found a hide-covered altar of Uskayaw.
  6271 | D:5      | Found a white marble altar of Elyvilon.
  6271 | D:5      | Found a hazy altar of Hepliaklqana.
  6368 | D:6      | Found a blossoming altar of Fedhas.
  6466 | D:6      | Found a sand-covered staircase.
  6725 | D:6      | Found a radiant altar of Vehumet.
  6862 | Ossuary  | Entered an ossuary
  8864 | D:6      | Found a deep blue altar of Sif Muna.
  9132 | D:7      | Reached skill level 5 in Short Blades
  9368 | D:7      | Slain by a centaur

Vault maps used:
D:1:      sevenhm_arrival_forest_fort_small_4
D:2:      nicolae_ru_path_of_blood, uniq_sigmund
D:3:      cheibrodos_sewer_entry_drain, columned_hall_lemuel,
          nicolae_gozag_seed_capital, uniq_grinder
D:4:      lightli_temple_of_fire, grunt_decor_arrowhead, uniq_eustachio
D:5:      marbit_many_paths, gammafunk_temple_overflow_elements, basic_altar,
          first_ration, minmay_misc_feat_x, uniq_menkaure
D:6:      kennysheep_orc_sif_temple, lemuel_round_altar, vehumet_statue,
          nicolae_ossuary_entry_giza
D:7:      cheibrodos_barr_body, minmay_temple_entry_enclosed_plants
Sewer:    sewer_minmay_treatment
Ossuary:  minmay_ossuary_two_tombs

Skill      XL: |  1  2  3  4  5  6  7  8  9 |
---------------+----------------------------+-----
Spellcasting   | 3 4 5 7 8 |  8.0
Earth Magic    | 3 4 5 7 8 |  8.0
Short Blades   | 2 5 |  5.4
Transmutations | 1 3 |  3.0
Stealth        | 2 4 |  4.0
Dodging        | |  1.5

Action                   |  1- 3 |  4- 6 |  7- 9 || total
-------------------------+-------+-------+-------++-------
Melee: Unarmed           |     7 |       |       ||     7
       Dagger            |     7 |   152 |   305 ||   464
 Cast: Sandblast         |    24 |    62 |   119 ||   205
       Stone Arrow       |       |       |    99 ||    99
       Petrify           |       |       |    36 ||    36
       Passwall          |       |       |     2 ||     2
       Lee's Rapid Decon |       |       |     4 ||     4
  Use: Scroll            |       |       |     2 ||     2
 Stab: Sleeping          |       |     2 |    15 ||    17
       Petrified         |       |       |    77 ||    77
       Petrifying        |       |       |    12 ||    12
Armor: Robe              |     6 |    35 |    54 ||    95
Dodge: Dodged            |     9 |   147 |   178 ||   334

Table legend:
 A = Spawn XP
 B = Non-spawn XP
 C = Spawn XP percentage of total XP
 D = Spawn monster count
 E = Non-spawn monster count
 F = Spawn count percentage of total count
 G = Total turns spent on level
                    A         B        C        D         E        F      G
               +---------+---------+-------+---------+---------+-------+---------
         Total |       0 |    4952 |   0.0 |       0 |     224 |   0.0 |  9368
               +---------+---------+-------+---------+---------+-------+---------
           D:1 |       0 |       8 |   0.0 |       0 |       6 |   0.0 |   253
           D:2 |       0 |     353 |   0.0 |       0 |      33 |   0.0 |  1019
           D:3 |       0 |     507 |   0.0 |       0 |      11 |   0.0 |   948
           D:4 |       0 |     626 |   0.0 |       0 |      24 |   0.0 |  1374
           D:5 |       0 |    1104 |   0.0 |       0 |      26 |   0.0 |  1138
           D:6 |       0 |    1065 |   0.0 |       0 |      27 |   0.0 |  1431
           D:7 |       0 |     409 |   0.0 |       0 |      10 |   0.0 |   200
         Sewer |       0 |     346 |   0.0 |       0 |      48 |   0.0 |  1582
       Ossuary |       0 |     534 |   0.0 |       0 |      39 |   0.0 |  1423
               +---------+---------+-------+---------+---------+-------+---------
